 Dungeon Crawl Stone Soup version 0.20.1-1-g8b1a95d66d (webtiles) character file.

4012 Gargoyl the Chopper (level 10, -2/81 HPs)
             Began as a Centaur Abyssal Knight on Dec 18, 2017.
             Was a High Priest of Lugonu.
             Slain by a two-headed ogre
             ... wielding a +0 giant spiked club
              (19 damage)
             ... on level 8 of the Dungeon.
             The game lasted 00:13:33 (7991 turns).

Gargoyl the Chopper (Centaur Abyssal Knight)        Turns: 7991, Time: 00:13:34

Health: -2/81      AC: 20    Str: 16    XL:     10   Next: 3%
Magic:  14/14      EV:  5    Int: 11    God:    Lugonu [*****.]
Gold:   531        SH:  8    Dex: 16    Spells: 9/9 levels left

rFire    . . .     SeeInvis .   n - +2 hand axe (chop)
rCold    . . .     Gourm    .   t - +0 buckler
rNeg     . . .     Faith    .   f - +5 chain mail "Xucul" {+Fly}
rPois    .         Spirit   .   y - +2 helmet
rElec    .         Reflect  +   (no cloak)
rCorr    .         Harm     .   (no gloves)
MR       .....                  (no barding)
Stlth    ..........             l - +3 amulet of reflection
Regen    0.3/turn               e - ring of Xom's Capriciousness {Dex+5 Slay+3}
MPRegen  0.2/turn               p - +3 ring of protection

@: very quick
A: hooves 3, deformed body, speed 2, tough skin 3
a: Depart the Abyss, Bend Space, Banish, Corrupt, Enter the Abyss, Renounce
Religion, Evoke Flight


You were on level 8 of the Dungeon.
You worshipped Lugonu.
Lugonu was extremely pleased with you.
You were not hungry.

You visited 1 branch of the dungeon, and saw 8 of its levels.
You visited the Abyss 1 time.
You also visited: Sewer and Ossuary.

You collected 531 gold pieces.

Inventory:

Hand Weapons
 a - a +1 hand axe
 n - a +2 hand axe of chopping (weapon)
Armour
 f - the +5 chain mail "Xucul" (worn) {+Fly}
   (You found it on level 2 of the Abyss)

   It lets you fly.
 t - a +0 buckler (worn)
 y - a +2 helmet (worn)
Jewellery
 e - the ring of Xom's Capriciousness (left hand) {Dex+5 Slay+3}
   (You found it on level 2 of the Abyss)

   [ring of dexterity]

   It affects your dexterity (+5).
   It affects your accuracy and damage with ranged weapons and melee attacks
   (+3).
 l - a +3 amulet of reflection (around neck)
 p - a +3 ring of protection (right hand)
 q - an uncursed ring of poison resistance
 E - an uncursed ring of stealth
Wands
 B - a wand of disintegration (13/24)
Scrolls
 h - 8 scrolls of identify
 k - 5 scrolls of teleportation
 m - 4 scrolls of remove curse
 s - 2 scrolls of magic mapping
 u - 2 scrolls of random uselessness {unknown}
 v - 2 scrolls of enchant armour
 F - a scroll of fear
 G - 3 scrolls of blinking
Potions
 d - 2 potions of magic {unknown}
 j - 2 potions of berserk rage {unknown}
 o - 7 potions of curing
 r - 2 potions of brilliance {unknown}
 w - 2 potions of haste {unknown}
 z - 4 potions of ambrosia {unknown}
 A - a potion of might {unknown}
 C - a potion of heal wounds {unknown}
Books
 x - a book of Flames

   Spells                             Type                      Level
   a - Flame Tongue                   Conjuration/Fire             1
   b - Throw Flame                    Conjuration/Fire             2
   c - Conjure Flame                  Conjuration/Fire             3
   d - Inner Flame                    Hexes/Fire                   3
   e - Sticky Flame                   Conjuration/Fire             4
   f - Fireball                       Conjuration/Fire             5
 H - a book of Misfortune

   Spells                             Type                      Level
   a - Confusing Touch                Hexes                        1
   b - Confuse                        Hexes                        3
   c - Gell's Gravitas                Translocation                3
   d - Petrify                        Transmutation/Earth          4
   e - Metabolic Englaciation         Hexes/Ice                    5
   f - Yara's Violent Unravelling     Hexes/Transmutation          5
Comestibles
 c - 6 bread rations
 g - 2 fruits
 i - 4 meat rations
 D - 8 royal jellies
 I - a chunk of flesh


   Skills:
 + Level 5.5 Fighting
 + Level 7.9 Axes
 + Level 0.2 Throwing
 * Level 6.3 Armour
 + Level 1.5 Dodging
 + Level 2.4 Shields
 * Level 6.6 Invocations


You had 9 spell levels left.
You didn't know any spells.

Dungeon Overview and Level Annotations

Branches:
Dungeon (8/15)             Temple (0/1) D:4
   Lair: D:8-11

Altars:
Dithmenos
Elyvilon
Fedhas
Nemelex Xobeh
Okawaru
Ru
Sif Muna
Uskayaw
Vehumet
Yredelemnul
The Shining One


Innate Abilities, Weirdness & Mutations

You have hooves in place of feet.
Armour fits poorly on your strangely shaped body.
You cover ground very quickly.
You have extremely tough skin. (AC +3)


Message History

The javelin barely misses the two-headed ogre.
Throwing (i - inventory):
b - 2 javelins (quivered)
Press: ? - help, Shift-Dir - straight line, f/p - two-headed ogre
Aim: a two-headed ogre, wielding two giant spiked clubs You throw a javelin.
The javelin barely misses the two-headed ogre.
Throwing (i - inventory):
b - a javelin (quivered)
Press: ? - help, Shift-Dir - straight line, f/p - two-headed ogre
Aim: a two-headed ogre, wielding two giant spiked clubs You throw a javelin.
The javelin hits the two-headed ogre!
The two-headed ogre is moderately wounded.
The two-headed ogre hits you with a giant spiked club!! x2
You hit the two-headed ogre.
The two-headed ogre is moderately wounded.
You hit the two-headed ogre.
The two-headed ogre is moderately wounded.
The two-headed ogre hits you with a giant spiked club!!
* * * LOW HITPOINT WARNING * * *
The two-headed ogre hits you with a giant spiked club!!
You die...

......##.#......#
*,...,,,,,*
..#.####.#......#
*.....,,,,* ....#
#.#......###.....,,,,*
...##
#.##.............,,,** ...#
##.#.............(,,** ...#
#................(*** .#.#
#................?*
.#.####.#.......).......*
....(#..#.......@O.....>*
..##....#...............**
..###...#...............,*
......####<..........[.#,**
####+.####......#.....##,,*
#...#.......###########**,*
#...#.......# *,*
....#.......# *,**
_.###.......## *,,*


You could see a two-headed ogre.

Vanquished Creatures
  A troll (D:7)
  Prince Ribbit (D:7)
  Sigmund (D:2)
  A water moccasin (D:5)
  2 phantoms
  2 ice beasts (D:6)
  6 ogres
  2 centaurs
  4 bullfrogs
  9 killer bees
  6 wights
  A howler monkey (D:6)
  2 crimson imps
  4 centaur zombies (Ossuary)
  A bullfrog skeleton (D:7)
  6 jellies
  2 centaur skeletons
  3 orc priests
  3 iguanas
  7 orc wizards
  3 worker ants
  3 big kobold zombies (Ossuary)
  A hound zombie (D:7)
  A hound skeleton (D:6)
  A howler monkey zombie (D:7)
  4 mummies (Ossuary)
  18 adders
  A shadow imp (D:5)
  15 oozes
  An adder zombie (D:8)
  2 adder skeletons
  3 worms (D:6)
  3 dart slugs
  5 leopard geckos
  24 orcs
  3 giant cockroaches
  5 goblins
  10 hobgoblins
  11 jackals
  20 kobolds
  3 quokkas
  5 ball pythons
  7 bats
  8 frilled lizards
  2 hobgoblin zombies (Ossuary)
  5 rats
  8 plants (Sewer)
236 creatures vanquished.

Vanquished Creatures (others)
  A kobold (Sewer)
  2 fungi (D:3)
  4 toadstools (D:3)
7 creatures vanquished.

Grand Total: 243 creatures vanquished

Notes
Turn   | Place    | Note
-------+----------+-------------------------------------------
     0 | Abyss:1  | Gargoyl the Centaur Abyssal Knight began the quest for the Orb.
     0 | Abyss:1  | Reached XP level 1. HP: 19/19 MP: 2/2
    47 | Abyss:2  | Got a twitching glass ring
    68 | Abyss:2  | Noticed a small abomination
    69 | Abyss:2  | Got a faintly humming chain mail
    70 | D:1      | Escaped the Abyss
    81 | D:1      | Identified the +5 chain mail "Xucul" {+Fly} (You found it on level 2 of the Abyss)
    83 | D:1      | Identified the ring of Xom's Capriciousness {Dex+5 Slay+3} (You found it on level 2 of the Abyss)
   386 | D:1      | Reached XP level 2. HP: 25/26 MP: 3/3
   432 | D:1      | Reached * piety under Lugonu
   757 | D:2      | Reached skill level 2 in Axes
   802 | D:2      | Reached XP level 3. HP: 31/31 MP: 4/4
   849 | D:2      | Noticed Sigmund
   875 | D:2      | Killed Sigmund
   875 | D:2      | Reached XP level 4. HP: 26/40 MP: 2/6
   875 | D:2      | Reached XP level 5. HP: 30/46 MP: 2/7
  1005 | D:2      | Found a white marble altar of Elyvilon.
  1568 | D:3      | Reached ** piety under Lugonu
  1568 | D:3      | Reached skill level 3 in Axes
  1679 | D:3      | Reached XP level 6. HP: 39/52 MP: 4/8
  2717 | D:4      | Found a staircase to the Ecumenical Temple.
  2740 | D:4      | Found a shadowy altar of Dithmenos.
  2742 | D:4      | Found a glowing golden altar of the Shining One.
  2745 | D:4      | Reached skill level 4 in Axes
  2749 | D:4      | Reached XP level 7. HP: 58/60 MP: 9/9
  2902 | D:4      | Found a blossoming altar of Fedhas.
  3174 | D:5      | Entered Level 5 of the Dungeon
  3211 | D:5      | Reached *** piety under Lugonu
  3243 | D:5      | Reached skill level 5 in Axes
  3244 | D:5      | Reached skill level 1 in Dodging
  3463 | D:5      | Reached XP level 8. HP: 67/67 MP: 11/11
  3585 | D:5      | Found a hide-covered altar of Uskayaw.
  3860 | D:6      | Found a glowing drain.
  3881 | Sewer    | Entered a sewer
  4605 | D:6      | Reached **** piety under Lugonu
  4660 | D:6      | Reached skill level 6 in Axes
  4816 | D:6      | Reached skill level 5 in Invocations
  4999 | D:6      | Reached skill level 5 in Armour
  5167 | D:6      | Reached skill level 1 in Shields
  5355 | D:6      | Found a sparkling altar of Nemelex Xobeh.
  5431 | D:6      | Reached skill level 5 in Fighting
  5431 | D:6      | Reached XP level 9. HP: 74/74 MP: 13/13
  6003 | D:7      | Reached skill level 7 in Axes
  6220 | D:7      | Noticed Prince Ribbit
  6245 | D:7      | Killed Prince Ribbit
  6288 | D:7      | HP: 3/74 [poisoned by a killer bee]
  6295 | D:7      | HP: 3/74 [poisoned by a killer bee]
  6303 | D:7      | HP: 3/74 [poisoned by a killer bee]
  6637 | D:7      | Noticed a troll
  6646 | D:7      | Killed a troll
  7243 | D:8      | Found a sand-covered staircase.
  7248 | Ossuary  | Entered an ossuary
  7724 | D:8      | Reached ***** piety under Lugonu
  7737 | D:8      | Reached XP level 10. HP: 81/81 MP: 14/14
  7762 | D:8      | Found a basalt altar of Yredelemnul.
  7848 | D:8      | Found a sacrificial altar of Ru.
  7945 | D:8      | Found a radiant altar of Vehumet.
  7946 | D:8      | Found an iron altar of Okawaru.
  7949 | D:8      | Found a deep blue altar of Sif Muna.
  7985 | D:8      | Noticed a two-headed ogre
  7991 | D:8      | Slain by a two-headed ogre

Skill      XL: |  1  2  3  4  5  6  7  8  9 |
---------------+----------------------------+-----
Axes           | 2 3 4 5 6 7 |  7.9
Fighting       | 4 5 |  5.5
Armour         | 2 3 4 5 6 |  6.3
Invocations    | 3 4 5 6 |  6.6
Dodging        | 1 |  1.5
Shields        | 1 2 |  2.4
Throwing       | |  0.2

Action                   |  1- 3 |  4- 6 |  7- 9 | 10-12 || total
-------------------------+-------+-------+-------+-------++-------
Melee: Hand axe          |    61 |   102 |   405 |    19 ||   587
       Kick              |    10 |    24 |   128 |     3 ||   165
Throw: Javelin           |       |       |     6 |     4 ||    10
Invok: Depart the Abyss  |     1 |       |       |       ||     1
  Use: Scroll            |     4 |     5 |     6 |       ||    15
       Potion            |     1 |       |       |       ||     1
 Stab: Held in net/web   |       |       |     2 |       ||     2
       Paralysed         |       |       |       |     1 ||     1
  Eat: Chunk             |       |     4 |    12 |       ||    16
       Royal jelly       |       |       |       |     3 ||     3
Armor: Chain mail        |    63 |    88 |   213 |    24 ||   388
Dodge: Dodged            |    13 |    26 |    65 |     3 ||   107
Block: Other             |       |     5 |     7 |       ||    12
       Buckler           |       |       |   104 |    12 ||   116
       Reflection        |       |       |     2 |       ||     2
